 Dungeon Crawl Stone Soup version 0.31-a0-229-g1fc7ce93e2 (webtiles) character file.

Game seed: 10078908990894588779

420 qw the Shooter (level 6, -1/37 HPs)
             Began as a Gargoyle Hexslinger on July 6, 2023.
             Slain by a black bear (5 damage)
             ... on level 5 of the Dungeon.
             The game lasted 00:01:35 (3571 turns).

qw the Shooter (Gargoyle Hexslinger)                Turns: 3571, Time: 00:01:36

Health: -1/37      AC:  9    Str: 15    XL:     6   Next: 94%
Magic:  7/7        EV: 12    Int: 13    God:
Gold:   193        SH:  0    Dex: 14    Spells: 6/7 levels left

rFire   + . .        Y - +1 sling
rCold   . . .        (no shield)
rNeg    + . .        b - +1 robe of Grace {rPois rF+ Str+3}
rPois   inf          d - +0 helmet
rElec   +            (no cloak)
rCorr   +            (no gloves)
SInv    .            l - +0 pair of boots
Will    .....        (no amulet)
Stlth   +            j - ring of resist corrosion
HPRegen 0.26/turn    (no ring)
MPRegen 0.10/turn

%: no passive effects
@: no status effects
A: sickness immunity, AC +4, negative energy resistance 1, electricity
resistance, torment resistance 1, petrification resistance
a: no special abilities


You were on level 5 of the Dungeon.
You visited 1 branch of the dungeon, and saw 5 of its levels.

You collected 193 gold pieces.


Innate Abilities, Weirdness & Mutations

You are immune to sickness and miasma.
Your stone body is resilient. (AC +4)
You are immune to poison.
You resist negative energy. (rN+)
You are resistant to electric shocks. (rElec)
You are resistant to unholy torment.
You are immune to petrification.


   Skills:
 + Level 3.1 Fighting
 - Level 6.0 Ranged Weapons
 - Level 2.7 Armour
 - Level 1.5 Dodging
 - Level 1.0 Spellcasting
 - Level 2.6 Hexes


You had 6 spell levels left.
You knew the following spells:

 Your Spells              Type           Power      Damage    Failure   Level
a - Slow                  Hex            28%        N/A       10%         1

Your spell library contained the following spells:

 Spells                   Type           Power      Damage    Failure   Level
 Inner Flame              Hex/Fire       4%         N/A       43%         3
 Portal Projectile        Hex/Tloc       8%         N/A       43%         3
 Cause Fear               Hex            3%         N/A       67%         4

Inventory:

Hand Weapons
 Y - a +1 sling (weapon)
Armour
 b - the +1 robe of Grace (worn) {rPois rF+ Str+3}
   (You found it on level 4 of the Dungeon)

   Str:       It affects your strength (+3).
   rF:        It protects you from fire.
   rPois:     It protects you from poison.
 d - a +0 helmet (worn)
 l - a +0 pair of boots (worn)
Jewellery
 j - a ring of resist corrosion (left hand)
Scrolls
 f - a scroll of identify
Potions
 a - a potion of cancellation
 e - 5 potions of curing
 m - a potion of might {unknown}

Dungeon Overview and Level Annotations

Branches:
Dungeon (5/15)
 Temple: D:4-7

Altars:
The Shining One


Message History

The black bear claws you but does no damage. x2
You shoot a sling bullet. The sling bullet hits the black bear.
The black bear is moderately wounded.
The black bear misses you.
The black bear claws you but does no damage. x2
You shoot a sling bullet.
The sling bullet barely misses the black bear.
The black bear barely misses you. x2
The black bear claws you but does no damage.
You shoot a sling bullet. The sling bullet hits the black bear.
The black bear is heavily wounded.
The black bear bites you. The black bear claws you.
The black bear claws you but does no damage.
You shoot a sling bullet. The sling bullet hits the black bear.
The black bear is heavily wounded.
The black bear bites you. The black bear barely misses you.
The black bear claws you but does no damage.
The black bear closely misses you. The black bear barely misses you.
The black bear completely misses you.
You shoot a sling bullet.
The sling bullet barely misses the black bear.
The black bear closely misses you. The black bear claws you.
The black bear claws you but does no damage.
You shoot a sling bullet. The sling bullet hits the black bear!
The black bear is severely wounded.
The black bear goes berserk!
You shoot a sling bullet.
The sling bullet barely misses the black bear.
The black bear bites you. The black bear barely misses you.
The black bear claws you.
You shoot a sling bullet.
The sling bullet barely misses the black bear.
The black bear closely misses you. x2
The black bear claws you but does no damage.
The black bear bites you but does no damage.
The black bear claws you but does no damage. x2
You shoot a sling bullet.
The sling bullet barely misses the black bear.
The black bear bites you. The black bear misses you. The black bear claws you.
You die...

## # #. .#
#.####.####.
#####)..........
#.....@.<......#
...###h####..#.##
#. ..# .. ## ...
###. #. ).


You could see a black bear (berserk).

Vanquished Creatures
  An ogre (D:4)
  A scorpion (D:4)
  An orc priest (D:3)
  9 gnolls
  4 adders
  2 shadow imps
  A worm (D:2)
  2 dart slugs (D:4)
  5 orcs
  7 bats
  13 endoplasms
  5 giant cockroaches
  5 goblins
  14 hobgoblins
  4 jackals (D:1)
  6 kobolds
  2 quokkas (D:1)
  10 ball pythons
  6 frilled lizards
  6 rats
  A spectral goblin (D:1)
105 creatures vanquished.

Notes
Turn   | Place    | Note
-------+----------+-------------------------------------------
     0 | D:1      | qw the Gargoyle Hexslinger began the quest for the Orb.
     0 | D:1      | Reached XP level 1. HP: 12/12 MP: 2/2
     0 | D:1      | 0 ||| qw: Version: 0.3-a-46-gb1f654a
     0 | D:1      | 0 ||| qw: Game counter: 1242
     0 | D:1      | 0 ||| qw: Melee chars always use a shield: true
     0 | D:1      | 0 ||| qw: God list: Okawaru
     0 | D:1      | 0 ||| qw: Allow faded altars: false
     0 | D:1      | 0 ||| qw: Do Orc after clearing Dungeon:15 true
     0 | D:1      | 0 ||| qw: Do second Lair branch before Depths: true
     0 | D:1      | 0 ||| qw: Lair rune preference: random
     0 | D:1      | 0 ||| qw: Goals: Normal
     0 | D:1      | 0 ||| PLANNING D:1-11
   102 | D:1      | Reached XP level 2. HP: 13/16 MP: 3/3
   195 | D:1      | Reached skill level 3 in Ranged Weapons
   443 | D:1      | Reached XP level 3. HP: 21/21 MP: 4/4
   477 | D:1      | Found a faded altar of an unknown god.
   478 | D:1      | 478 ||| Stepping ~*~*~tactically~*~*~ (water).
   517 | D:1      | 517 ||| Stepping ~*~*~tactically~*~*~ (water).
   768 | D:1      | 768 ||| UPGRADING to +0 helmet.
   773 | D:1      | 773 ||| UPGRADING to +0 leather armour.
   783 | D:1      | 783 ||| DROPPING +0 robe.
   784 | D:1      | 784 ||| UPGRADING to ring of resist corrosion.
   785 | D:1      | 785 ||| READING scroll labelled JUIGRE DIRR.
   788 | D:1      | 788 ||| READING scroll labelled ZEHUIKLU MAPRA.
   805 | D:1      | 805 ||| DRINKING 2 viscous black potions.
   806 | D:1      | 806 ||| DROPPING scroll of poison.
   912 | D:2      | Found a glowing golden altar of the Shining One.
   969 | D:2      | Reached XP level 4. HP: 26/26 MP: 5/5
  1145 | D:2      | Reached skill level 4 in Ranged Weapons
  1418 | D:2      | 1418 ||| UPGRADING to +0 pair of boots.
  1423 | D:2      | 1423 ||| READING scroll labelled ONYEVA URUBEASCH.
  1424 | D:2      | 1424 ||| READING 2 scrolls labelled ITZUTY BIKLI.
  1425 | D:2      | 1425 ||| DRINKING 2 amethyst potions.
  1426 | D:2      | 1426 ||| DROPPING potion of attraction.
  1729 | D:3      | HP: 5/26 [orc/+0 flail (3)]
  1730 | D:3      | 1730 ||| DRINKING potion of heal wounds.
  1734 | D:3      | Reached XP level 5. HP: 19/30 MP: 6/6
  2289 | D:3      | Reached skill level 5 in Ranged Weapons
  2438 | D:3      | 2438 ||| DRINKING 2 emerald potions.
  2476 | D:3      | 2476 ||| READING 2 scrolls of identify.
  2476 | D:3      | 2476 ||| IDENTIFYING fuming amethyst potion
  2477 | D:3      | 2477 ||| DROPPING potion of lignification.
  2478 | D:3      | 2478 ||| DROPPING potion of degeneration.
  2570 | D:4      | 2570 ||| FLEEEEING.
  2571 | D:4      | 2571 ||| FLEEEEING.
  2572 | D:4      | 2572 ||| FLEEEEING.
  2573 | D:4      | 2573 ||| FLEEEEING.
  2574 | D:4      | 2574 ||| FLEEEEING.
  2575 | D:4      | 2575 ||| FLEEEEING.
  2576 | D:4      | 2576 ||| FLEEEEING.
  2577 | D:4      | 2577 ||| FLEEEEING.
  2578 | D:4      | 2578 ||| FLEEEEING.
  2579 | D:4      | 2579 ||| FLEEEEING.
  2580 | D:4      | 2580 ||| FLEEEEING.
  2581 | D:4      | 2581 ||| FLEEEEING.
  2582 | D:4      | 2582 ||| FLEEEEING.
  2592 | D:4      | Reached skill level 3 in Fighting
  2670 | D:4      | Noticed an ogre
  2677 | D:4      | Killed an ogre
  2678 | D:4      | Reached XP level 6. HP: 17/37 MP: 7/7
  3099 | D:4      | Reached skill level 6 in Ranged Weapons
  3285 | D:4      | Identified the +1 robe of Grace {rPois rF+ Str+3}
  3496 | D:4      | 3496 ||| UPGRADING to +1 robe of Grace {rPois rF+ Str+3}.
  3506 | D:4      | 3506 ||| DROPPING +0 leather armour.
  3507 | D:4      | 3507 ||| DRINKING 2 white potions.
  3508 | D:4      | 3508 ||| READING 2 scrolls of identify.
  3508 | D:4      | 3508 ||| IDENTIFYING orange potion
  3509 | D:4      | 3509 ||| DROPPING potion of ambrosia.
  3533 | D:5      | Entered Level 5 of the Dungeon
  3546 | D:5      | Noticed a black bear
  3569 | D:5      | HP: 8/37 [black bear (5)]
  3571 | D:5      | Slain by a black bear

Levels and vault maps discovered:
D:1:      giann_horns, layout_loops_cross,
          dreamdust_ecumenical_altar_drowned_temple, chequers_decorated_corner
D:2:      layout_basic, basic_altar, reono_crystal_passage
D:3:      layout_loops_corners, guppyfry_early_lair_pool
D:4:      layout_basic, minmay_manual_mandibuliform
D:5:      layout_loops_ring, mainiacjoe_overflow_catwalk,
          minmay_temple_entry_grid, grunt_ministairs_3, uniq_grinder,
          uniq_eustachio, uniq_duvessa

Skill      XL: |  1  2  3  4  5  6 |
---------------+-------------------+-----
Ranged Weapons | 3 4 5 6 |  6.0
Fighting       | 2 3 |  3.1
Armour         | 2 |  2.7
Dodging        | |  1.5
Spellcasting   | |  1.0
Hexes          | |  2.6

Action                     |  1- 3 |  4- 6 || total
---------------------------+-------+-------++-------
   Fire: Sling             |   121 |   291 ||   412
    Use: Scroll            |     2 |     4 ||     6
         Potion            |     1 |     4 ||     5
 Armour: Robe              |    18 |    26 ||    44
         Leather armour    |       |    45 ||    45
  Dodge: Dodged            |    32 |    95 ||   127

Table legend:
 A = Non-vault XP
 B = Vault XP
 C = Vault XP percentage of total XP
 D = Non-vault monster count
 E = Vault monster count
 F = Vault count percentage of total count
                 A         B        C        D         E       F
            +---------+---------+-------+---------+---------+-------
      Total |     589 |      11 |   1.8 |      98 |       7 |   6.7
            +---------+---------+-------+---------+---------+-------
        D:1 |      76 |       1 |   1.3 |      37 |       1 |   2.6
        D:2 |      23 |       0 |   0.0 |      12 |       0 |   0.0
        D:3 |     107 |       0 |   0.0 |      21 |       0 |   0.0
        D:4 |     370 |      10 |   2.6 |      27 |       6 |  18.2
        D:5 |      13 |       0 |   0.0 |       1 |       0 |   0.0
            +---------+---------+-------+---------+---------+-------
